 Dungeon Crawl Stone Soup version 0.27.0-1-g7a089689b8 (webtiles) character file.

Game seed: 7760240026660121243

619 Armakuni the Twirler (level 7, -3/55 HPs)
             Began as a Human Wanderer on Aug 6, 2021.
             Was an Initiate of Sif Muna.
             Slain by a centaur (5 damage)
             ... on level 5 of the Dungeon.
             The game lasted 00:10:50 (5101 turns).

Armakuni the Twirler (Human Wanderer)               Turns: 5101, Time: 00:10:51

Health: -3/55      AC:  4    Str: 12    XL:     7   Next: 74%
Magic:  10/10      EV: 12    Int: 15    God:    Sif Muna [......]
Gold:   221        SH:  0    Dex: 12    Spells: 6/10 levels left

rFire    . . .     SeeInvis .   a - +0 quarterstaff
rCold    . . .     Faith    .   (shield currently unavailable)
rNeg     . . .     Spirit   .   f - +0 leather armour
rPois    .         Reflect  .   (no helmet)
rElec    .         Harm     .   (no cloak)
rCorr    .         Rampage  .   (no gloves)
Will     .....                  c - +0 pair of boots
Stlth    +.........             R - amulet of regeneration
HPRegen  1.18/turn              (no ring)
MPRegen  0.12/turn              (no ring)

@: brilliant, weak-willed
A: no striking features
a: Renounce Religion


You were on level 5 of the Dungeon.
You worshipped Sif Muna.
Sif Muna was noncommittal.
You visited 1 branch of the dungeon, and saw 6 of its levels.

You collected 221 gold pieces.

Inventory:

Hand Weapons
 a - a +0 quarterstaff (weapon)
 b - a +1 dagger of venom
Armour
 c - a +0 pair of boots (worn)
 e - a +0 kite shield
 f - a +0 leather armour (worn)
 k - a +0 scale mail
 x - +0 storm dragon scales
Jewellery
 R - an amulet of regeneration (around neck)
Wands
 d - a wand of iceblast (8)
 h - a wand of acid (1)
Scrolls
 q - 2 scrolls of identify
 r - a scroll of teleportation {unknown}
 s - a scroll of enchant armour {unknown}
 t - a scroll of blinking {unknown}
 v - a scroll of immolation {unknown}
Potions
 j - a potion of might
 u - a potion of degeneration {unknown}
 w - a potion of mutation {unknown}
 z - a potion of heal wounds {unknown}


   Skills:
 - Level 4.9 Fighting
 - Level 5.4 Staves
 - Level 1.0 Throwing
 - Level 3.0 Dodging
 - Level 1.0 Shields
 + Level 2.1 Spellcasting
 + Level 2.2 Conjurations
 + Level 2.2 Fire Magic


You had 6 spell levels left.
You knew the following spells:

 Your Spells              Type           Power      Damage    Failure   Level
c - Conjure Flame         Conj/Fire      12%        6-21      32%         3
z - Foxfire               Conj/Fire      48%        2x1d6     11%         1

Your spell library contained the following spells:

 Spells                   Type           Power      Damage    Failure   Level
 Inner Flame              Hex/Fire       7%         N/A       47%         3


Dungeon Overview and Level Annotations

Branches:
Dungeon (6/15)             Temple (0/1) D:5

Altars:
Elyvilon
Makhleb
Sif Muna
Zin

Annotations:
D:5 Ijyb


Message History

The arrow closely misses you.
The arrow hits Ijyb!
The phantom hits you.
The phantom blinks!
You blink.
You stop descending the stairs.
Unknown command.
As you read the scroll labelled TAOSEF OSOHUCA, it crumbles to dust.
You feel aware of your surroundings.
It was a scroll of magic mapping.
Ijyb barely misses you. The phantom misses you.
As you read the scroll labelled OTUODGHAKKO, it crumbles to dust.
You hear a loud clanging noise!
It was a scroll of noise.
You hear an angry hiss.
You hear a shout!
The centaur shoots an arrow.
The arrow hits you!
Ijyb zaps a wand.
The puff of flame hits you!
The centaur shoots an arrow.
The arrow hits you! The phantom closely misses you.
As you read the scroll labelled LOUWNO IVUOW, it crumbles to dust.
It is a scroll of amnesia.
Really abort (and waste the scroll)?
Okay, then.
The centaur shoots an arrow.
The arrow hits you but does no damage. Ijyb misses you.
The black bear misses you. The black bear barely misses you. x2
The phantom hits you.
The phantom blinks!
You blink.
As you read the scroll labelled VATAIH ZYDEG, it crumbles to dust.
Magic quickly surges around you.
It was a scroll of vulnerability.
An adder comes into view.
Ijyb zaps a wand.
The puff of flame hits you!
* * * LOW HITPOINT WARNING * * *
The phantom hits you.
* * * LOW HITPOINT WARNING * * *
Okay, then.
It was a potion of brilliance.
You feel clever all of a sudden.
The adder hisses angrily.
The phantom hits you.
* * * LOW HITPOINT WARNING * * *
It was a potion of magic.
Magic courses through your body.
The centaur shoots an arrow.
The arrow closely misses you. The phantom hits you.
* * * LOW HITPOINT WARNING * * *
The phantom blinks!
You blink.
The centaur unwields a +0 shortbow.
The centaur wields a +0 club.
The centaur hits you with a +0 club.
You die...

...#**,**'***** #########
...# *,,,,,...* #.......#
.Y.# **,,,,...###.......#
##.# *,,...,...........#
...####...####..........#
...K..)Y......S..b.....>#
..........###...........#
########K.#*#....h.g....#
....,,,,,...#..W@c......#
####****,,*c#.ยง..########
*,,*,#.####
********,,*,#.*
.,,,,,,,,,*,#.*
#*******,,*,#.* <*
*,,,,,#.* ***** ,*
*,*,**#'***,,,** ,*
*,*,,,..,,,,>,,*


You could see a phantom (weak-willed), a black bear (weak-willed), Ijyb
(weak-willed), a centaur (weak-willed) and an adder.

Vanquished Creatures
  Eustachio (D:5)
  A sky beast (D:5)
  A scorpion (D:4)
  A water moccasin skeleton (D:4)
  A howler monkey (D:5)
  A centaur zombie (D:5)
  A hound (D:4)
  A jelly (D:4)
  A hound skeleton (D:4)
  4 adders
  An adder skeleton (D:4)
  2 worms
  3 dart slugs
  7 orcs
  8 ball pythons
  An endoplasm (D:1)
  3 giant cockroaches
  5 goblins
  7 hobgoblins
  5 jackals
  4 quokkas
  6 bats
  A frilled lizard (D:3)
  8 kobolds
  5 rats
79 creatures vanquished.

Vanquished Creatures (others)
  90 foxfires
  4 plants (D:1)
94 creatures vanquished.

Grand Total: 173 creatures vanquished

Notes
Turn   | Place    | Note
-------+----------+-------------------------------------------
     0 | D:1      | Armakuni the Human Wanderer began the quest for the Orb.
     0 | D:1      | Armakuni set off with the following items: a +0 club, a +0
                  | quarterstaff, a potion of curing, a +0 robe, a +0 kite
                  | shield
     0 | D:1      | Reached XP level 1. HP: 16/16 MP: 1/1
   274 | D:1      | Reached XP level 2. HP: 18/22 MP: 2/2
   765 | D:1      | Reached XP level 3. HP: 20/28 MP: 3/3
  2259 | D:2      | Reached XP level 4. HP: 18/35 MP: 4/4
  2767 | D:3      | You fall into a shaft and drop 1 floor!
  2811 | D:4      | Noticed Eustachio
  2843 | D:5      | Entered Level 5 of the Dungeon
  3341 | D:4      | Reached skill level 4 in Staves
  3364 | D:5      | Killed Eustachio
  3365 | D:5      | Reached XP level 5. HP: 42/43 MP: 5/5
  3365 | D:5      | Reached XP level 6. HP: 48/49 MP: 6/6
  3372 | D:5      | Reached skill level 5 in Staves
  3574 | D:3      | Learned a level 1 spell: Foxfire
  3741 | D:3      | Found a faded altar of an unknown god.
  3993 | D:4      | Reached XP level 7. HP: 53/55 MP: 2/7
  4102 | D:4      | Learned a level 3 spell: Conjure Flame
  4338 | D:4      | Reached skill level 1 in Spellcasting
  4338 | D:4      | Reached skill level 1 in Conjurations
  4338 | D:4      | Reached skill level 1 in Fire Magic
  4791 | D:5      | Found a shimmering blue altar of Sif Muna.
  4792 | D:5      | Found a glowing silver altar of Zin.
  4807 | D:5      | Became a worshipper of Sif Muna the Loreminder
  5078 | D:6      | Found a burning altar of Makhleb.
  5081 | D:6      | Found a white marble altar of Elyvilon.
  5092 | D:5      | Noticed Ijyb
  5101 | D:5      | HP: 2/55 [phantom (3)]
  5101 | D:5      | Slain by a centaur

Illustrated notes

Levels and vault maps discovered:
D:1:      shiori_arrival_maze, layout_rooms, st_stairs_14, hex_tiny,
          serial_bayou_lagoon_b
D:2:      layout_basic
D:3:      layout_basic, dreamdust_ecumenical_altar_angels_and_demons
D:4:      kennysheep_spiral_hall, layout_basic, uniq_eustachio
D:5:      layout_basic, gammafunk_temple_overflow_pools,
          minmay_temple_entry_butterflies, gammafunk_ghost_grave, uniq_duvessa,
          uniq_ijyb
D:6:      layout_basic, gammafunk_temple_overflow_forgotten,
          gammafunk_temple_overflow_elements, gup_sewer_entry_glass,
          minmay_pentangle

Skill      XL: |  1  2  3  4  5  6  7 |
---------------+----------------------+-----
Fighting       | 3 4 |  4.9
Staves         | 4 5 |  5.4
Spellcasting   | 2 |  2.1
Conjurations   | 2 |  2.2
Fire Magic     | 2 |  2.2
Throwing       | |  1.0
Dodging        | |  3.0
Shields        | |  1.0

Action                   |  1- 3 |  4- 6 |  7- 9 || total
-------------------------+-------+-------+-------++-------
Melee: Quarterstaff      |   115 |    75 |    48 ||   238
       Dagger            |     3 |    24 |       ||    27
 Cast: Foxfire           |       |     7 |    44 ||    51
Evoke: Wand              |       |     4 |       ||     4
  Use: Scroll            |     2 |     1 |     4 ||     7
       Potion            |     2 |       |     2 ||     4
Armor: Robe              |    16 |       |       ||    16
       Leather armour    |     1 |    39 |    14 ||    54
Dodge: Dodged            |    72 |    91 |    53 ||   216
